TOP OF THE 1ST |
Kalamazoo Royale with Cheese batting - Pitching for Seattle Pikes : LHP Marcos Benítez
|
Pitching: LHP Marcos Benítez
|
|
Batting: LHB Doyle Otterburn
|
0-0: Swinging Strike 0-1: Foul Ball, location: 2F 0-2: Ball 1-2: Strikes out looking
|
Batting: RHB Jorge Márquez
|
0-0: Ball 1-0: SINGLE (Groundball, 4D)
|
Batting: LHB Roberto Sandoval
|
0-0: Called Strike 0-1: Swinging Strike 0-2: Ball 1-2: Ball 2-2: Foul Ball, location: 2F 2-2: Foul Ball, location: 2F 2-2: Foul Ball, location: 2F 2-2: Foul Ball, location: 2F 2-2: Strikes out looking
|
Batting: LHB Tom Blake
|
0-0: Ball 1-0: Called Strike 1-1: DOUBLE (Line Drive, 9D) Jorge Márquez to third
|
Batting: LHB Greg Schultz
|
0-0: Ball 1-0: Ground out 5-3 (Groundball, 56S)
|
Top of the 1st over - 0 run(s), 2 hit(s), 0 error(s), 2 left on base; Kalamazoo 0 - Seattle 0 |
BOTTOM OF THE 1ST |
Seattle Pikes batting - Pitching for Kalamazoo Royale with Cheese : LHP Lorenzo Sánchez
|
Pitching: LHP Lorenzo Sánchez
|
|
Batting: RHB Wallace Greene
|
0-0: Hit by Pitch
|
Batting: RHB Arnold Harmon
|
0-0: Ball Wallace Greene is caught stealing 2nd base 1-0: Foul Ball, location: 2F 1-1: Ball 2-1: Fly out, F8 (Line Drive, 8LM)
|
Batting: RHB Pete Rideout
|
0-0: Ball 1-0: Called Strike 1-1: Ball 2-1: Ball 3-1: Foul Ball, location: 2F 3-2: SINGLE (Line Drive, 7S)
|
Batting: RHB Iván Gonzáles
|
0-0: Called Strike Pete Rideout is caught stealing 2nd base
|
Bottom of the 1st over - 0 run(s), 1 hit(s), 0 error(s), 0 left on base; Kalamazoo 0 - Seattle 0 |
TOP OF THE 2ND |
Kalamazoo Royale with Cheese batting - Pitching for Seattle Pikes : LHP Marcos Benítez
|
Batting: LHB Jacob Wright
|
0-0: Ground out 5-3 (Groundball, 56)
|
Batting: RHB Rafael González
|
0-0: Ground out 5-3 (Groundball, 56S)
|
Batting: RHB Pedro Rosado
|
0-0: Called Strike 0-1: Called Strike 0-2: Strikes out looking
|
Top of the 2nd over - 0 run(s), 0 hit(s), 0 error(s), 0 left on base; Kalamazoo 0 - Seattle 0 |
BOTTOM OF THE 2ND |
Seattle Pikes batting - Pitching for Kalamazoo Royale with Cheese : LHP Lorenzo Sánchez
|
Batting: RHB Iván Gonzáles
|
0-0: Ground out U3 (Groundball, 34S)
|
Batting: RHB Bill Mark
|
0-0: Called Strike 0-1: Foul Ball, location: 2F 0-2: Ball 1-2: Ball 2-2: Foul Ball, location: 2F 2-2: Foul Ball, location: 2F 2-2: Foul Ball, location: 2F 2-2: Foul Ball, location: 2F 2-2: Foul Ball, location: 2F 2-2: Ball 3-2: Strikes out swinging
|
Batting: LHB Richard Hunter
|
0-0: Ball 1-0: Fly out, F5 (Popup, 5L)
|
Bottom of the 2nd over - 0 run(s), 0 hit(s), 0 error(s), 0 left on base; Kalamazoo 0 - Seattle 0 |
TOP OF THE 3RD |
Kalamazoo Royale with Cheese batting - Pitching for Seattle Pikes : LHP Marcos Benítez
|
Batting: LHB Bill McJannett
|
0-0: Ball 1-0: Ball 2-0: Called Strike 2-1: Foul Ball, location: 2F 2-2: Foul Ball, location: 2F 2-2: Strikes out swinging
|
Batting: LHB Doyle Otterburn
|
0-0: Ball 1-0: Called Strike 1-1: Called Strike 1-2: Ball 2-2: Ground out 4-3 (Groundball, 4)
|
Batting: RHB Jorge Márquez
|
0-0: Called Strike 0-1: Ball 1-1: Ball 2-1: Swinging Strike 2-2: Strikes out swinging
|
Top of the 3rd over - 0 run(s), 0 hit(s), 0 error(s), 0 left on base; Kalamazoo 0 - Seattle 0 |
BOTTOM OF THE 3RD |
Seattle Pikes batting - Pitching for Kalamazoo Royale with Cheese : LHP Lorenzo Sánchez
|
Batting: LHB Roberto Lozano
|
0-0: Called Strike 0-1: Ball 1-1: Ground out 1-3 (Groundball, 15S)
|
Batting: RHB Manuel Rico
|
0-0: Ball 1-0: Called Strike 1-1: Ball 2-1: Ground out 5-3 (Groundball, 5L)
|
Batting: LHB Eduardo Gómez
|
0-0: Foul Ball, location: 2F 0-1: Fly out, F4 (Popup, 4D)
|
Bottom of the 3rd over - 0 run(s), 0 hit(s), 0 error(s), 0 left on base; Kalamazoo 0 - Seattle 0 |
TOP OF THE 4TH |
Kalamazoo Royale with Cheese batting - Pitching for Seattle Pikes : LHP Marcos Benítez
|
Batting: LHB Roberto Sandoval
|
0-0: Ball 1-0: Fly out, F4 (Line Drive, 4)
|
Batting: LHB Tom Blake
|
0-0: Reached on error, E9 (Flyball, 9S)
|
Batting: LHB Greg Schultz
|
0-0: Called Strike 0-1: Ball 1-1: Foul Ball, location: 2F 1-2: SINGLE (Flyball, 8LS) Tom Blake to second
|
Batting: LHB Jacob Wright
|
0-0: Ball 1-0: SINGLE (Line Drive, 7LS) Tom Blake to third Greg Schultz to second Runner from 3rd tries for Home, SAFE, throw made home
|
Batting: RHB Rafael González
|
0-0: Ball 1-0: Foul Ball, location: 2F 1-1: Foul Ball, location: 2F 1-2: Ball 2-2: Ball 3-2: DOUBLE (Groundball, 5L) Greg Schultz scores Jacob Wright to third
|
Batting: RHB Pedro Rosado
|
0-0: Ball 1-0: Ball 2-0: 3-RUN HOME RUN (Flyball, 78XD), Distance : 415 ft
|
Batting: LHB Bill McJannett
|
0-0: SINGLE (Groundball, 4MD)
|
Batting: LHB Doyle Otterburn
|
0-0: SINGLE (Line Drive, 3) Bill McJannett to second Bill McJannett to third
|
Batting: RHB Jorge Márquez
|
0-0: Ball 1-0: Called Strike 1-1: Swinging Strike 1-2: SINGLE (Groundball, 34S) (infield hit) Bill McJannett scores Doyle Otterburn to second
|
Batting: LHB Roberto Sandoval
|
0-0: Called Strike 0-1: Foul Ball, location: 2F 0-2: Ball 1-2: SINGLE (Line Drive, 56D) Doyle Otterburn to third Jorge Márquez to second
|
Batting: LHB Tom Blake
|
0-0: Ball 1-0: Called Strike 1-1: Grounds into double play, 1-2-3 (Groundball, 15S)
|
Top of the 4th over - 6 run(s), 8 hit(s), 1 error(s), 2 left on base; Kalamazoo 6 - Seattle 0 |
BOTTOM OF THE 4TH |
Seattle Pikes batting - Pitching for Kalamazoo Royale with Cheese : LHP Lorenzo Sánchez
|
Batting: RHB Wallace Greene
|
0-0: Called Strike 0-1: Ground out 6-3 (Groundball, 56)
|
Batting: RHB Arnold Harmon
|
0-0: Ball 1-0: SINGLE (Groundball, 3S) (infield hit)
|
Batting: RHB Pete Rideout
|
0-0: Ball 1-0: Ball 2-0: DOUBLE (Line Drive, 7LM) Arnold Harmon to third
|
Batting: RHB Iván Gonzáles
|
0-0: Ball 1-0: Ball 2-0: Called Strike 2-1: Ball 3-1: Ground out 6-3 (Groundball, 6) Arnold Harmon scores
|
Batting: RHB Bill Mark
|
0-0: DOUBLE (Groundball, 5L) Pete Rideout scores
|
Batting: LHB Richard Hunter
|
0-0: Ball 1-0: Ball 2-0: Ball Passed Ball! Bill Mark to third 3-0: DOUBLE (Line Drive, 89S) Bill Mark scores
|
Batting: LHB Roberto Lozano
|
0-0: Ball 1-0: SINGLE (Groundball, 34D) Richard Hunter to third Runner from 3rd tries for Home, SAFE, no throw
|
Batting: RHB Manuel Rico
|
0-0: Ball 1-0: Called Strike 1-1: Ball 2-1: Ball 3-1: Swinging Strike 3-2: Ground out 6-3 (Groundball, 6)
|
Bottom of the 4th over - 4 run(s), 5 hit(s), 0 error(s), 1 left on base; Kalamazoo 6 - Seattle 4 |
TOP OF THE 5TH |
Kalamazoo Royale with Cheese batting - Pitching for Seattle Pikes : LHP Marcos Benítez
|
Pitching: RHP Jesús Mendoza
|
|
Batting: LHB Greg Schultz
|
0-0: Ball 1-0: Called Strike 1-1: Ball 2-1: Foul Ball, location: 2F 2-2: Ball 3-2: Strikes out swinging
|
Batting: LHB Jacob Wright
|
0-0: Called Strike 0-1: Called Strike 0-2: Ball 1-2: Ball 2-2: Foul Ball, location: 2F 2-2: Foul Ball, location: 2F 2-2: Ball 3-2: SOLO HOME RUN (Flyball, 89XD), Distance : 413 ft
|
Batting: RHB Rafael González
|
0-0: Ball 1-0: Swinging Strike 1-1: Ground out 6-3 (Groundball, 6)
|
Batting: RHB Pedro Rosado
|
0-0: Ball 1-0: SINGLE (Groundball, 6MD)
|
Batting: LHB Bill McJannett
|
0-0: Ground out 2-3 (Groundball, 15S)
|
Top of the 5th over - 1 run(s), 2 hit(s), 0 error(s), 1 left on base; Kalamazoo 7 - Seattle 4 |
BOTTOM OF THE 5TH |
Seattle Pikes batting - Pitching for Kalamazoo Royale with Cheese : LHP Lorenzo Sánchez
|
Pitching: RHP Frank Davis
|
|
Batting: LHB Eduardo Gómez
|
0-0: SINGLE (Line Drive, 34D)
|
Batting: RHB Wallace Greene
|
0-0: Ball 1-0: Ball 2-0: Foul Ball, location: 2F 2-1: Foul Ball, location: 2F 2-2: Foul Ball, location: 2F 2-2: Foul Ball, location: 2F 2-2: Ball 3-2: Foul Ball, location: 2F 3-2: Foul Ball, location: 2F 3-2: Fly out, F7 (Flyball, 7S)
|
Batting: RHB Arnold Harmon
|
0-0: Called Strike 0-1: Ball 1-1: Ball 2-1: Fielders Choice at 2nd, 1-6 (Groundball, P)
|
Batting: RHB Pete Rideout
|
0-0: Called Strike Arnold Harmon steals 2nd base 0-1: Fly out, F8 (Flyball, 8LM)
|
Bottom of the 5th over - 0 run(s), 1 hit(s), 0 error(s), 1 left on base; Kalamazoo 7 - Seattle 4 |
TOP OF THE 6TH |
Kalamazoo Royale with Cheese batting - Pitching for Seattle Pikes : RHP Jesús Mendoza
|
Pinch Hitting: RHB Miguel Encarnación
|
0-0: Foul Ball, location: 2F 0-1: Swinging Strike 0-2: Strikes out swinging
|
Pinch Hitting: LHB António Glaviz
|
0-0: Ball 1-0: Ball 2-0: Fly out, F7 (Flyball, 7S)
|
Pinch Hitting: RHB Andy Aiton
|
0-0: Ball 1-0: Ball 2-0: Ball 3-0: Called Strike 3-1: Foul Ball, location: 2F 3-2: Foul Ball, location: 2F 3-2: Ground out 6-3 (Groundball, 56)
|
Top of the 6th over - 0 run(s), 0 hit(s), 0 error(s), 0 left on base; Kalamazoo 7 - Seattle 4 |
BOTTOM OF THE 6TH |
Seattle Pikes batting - Pitching for Kalamazoo Royale with Cheese : RHP Frank Davis
|
Now at 1B: Miguel Encarnación
|
|
Now at 2B: Andy Aiton
|
|
Now at SS: Bob Noble
|
|
Batting: RHB Iván Gonzáles
|
0-0: Ball 1-0: Called Strike 1-1: Ball 2-1: Fly out, F4 (Popup, 34D)
|
Batting: RHB Bill Mark
|
0-0: Called Strike 0-1: Ground out 5-3 (Groundball, 56)
|
Batting: LHB Richard Hunter
|
0-0: Called Strike 0-1: Ball 1-1: Foul Ball, location: 2F 1-2: DOUBLE (Groundball, 3L)
|
Batting: LHB Roberto Lozano
|
0-0: Called Strike 0-1: Swinging Strike 0-2: Strikes out swinging
|
Bottom of the 6th over - 0 run(s), 1 hit(s), 0 error(s), 1 left on base; Kalamazoo 7 - Seattle 4 |
TOP OF THE 7TH |
Kalamazoo Royale with Cheese batting - Pitching for Seattle Pikes : RHP Jesús Mendoza
|
Pinch Hitting: LHB Ricardo Romero
|
0-0: Fly out, F7 (Flyball, 7S)
|
Batting: LHB Greg Schultz
|
0-0: Ball 1-0: Ball 2-0: Ball 3-0: Called Strike 3-1: Base on Balls
|
Batting: LHB Ron Robinson
|
0-0: Ball 1-0: Foul Ball, location: 2F 1-1: Foul Ball, location: 2F 1-2: Ball 2-2: Strikes out looking
|
Pinch Hitting: SHB Caden Keith
|
0-0: Ball 1-0: Called Strike 1-1: Ball 2-1: Swinging Strike 2-2: Ball 3-2: Strikes out swinging
|
Top of the 7th over - 0 run(s), 0 hit(s), 0 error(s), 1 left on base; Kalamazoo 7 - Seattle 4 |
BOTTOM OF THE 7TH |
Seattle Pikes batting - Pitching for Kalamazoo Royale with Cheese : RHP Frank Davis
|
Now at 1B: Ricardo Romero
|
|
Now in CF: Caden Keith
|
|
Batting: RHB Manuel Rico
|
0-0: Ball 1-0: Ground out U3 (Groundball, 34)
|
Batting: LHB Eduardo Gómez
|
0-0: Ball 1-0: Ball 2-0: Called Strike 2-1: Ball 3-1: Base on Balls
|
Batting: RHB Wallace Greene
|
0-0: Ball 1-0: Called Strike 1-1: Ball 2-1: Ball 3-1: Base on Balls Eduardo Gómez to second
|
Pinch Hitting: RHB Robinson Pacheco
|
0-0: Grounds into double play, 5-4-3 (Groundball, 5)
|
Bottom of the 7th over - 0 run(s), 0 hit(s), 0 error(s), 1 left on base; Kalamazoo 7 - Seattle 4 |
TOP OF THE 8TH |
Kalamazoo Royale with Cheese batting - Pitching for Seattle Pikes : RHP Jesús Mendoza
|
Now at 1B: António Hernández
|
|
Pinch Hitting: SHB Jack Fountain
|
0-0: Ball 1-0: Foul Ball, location: 2F 1-1: Foul Ball, location: 2F 1-2: Foul Ball, location: 2F 1-2: Foul Ball, location: 2F 1-2: Ball 2-2: DOUBLE (Line Drive, 9LM)
|
Pitching: LHP Raymond Ritchie
|
|
Pinch Hitting: RHB Matt Perkins
|
0-0: DOUBLE (Groundball, 3L) Jack Fountain scores
|
Batting: RHB Miguel Encarnación
|
0-0: SINGLE (Line Drive, 89S) Matt Perkins to third
|
Batting: SHB Bob Noble
|
0-0: Ball 1-0: Foul Ball, location: 2F 1-1: Fielders Choice at 2nd, 6-4 (Groundball, 6) Matt Perkins scores
|
Batting: RHB Andy Aiton
|
0-0: Ball 1-0: Ball 2-0: Foul Ball, location: 2F 2-1: DOUBLE (Line Drive, 7LD) Bob Noble to third
|
Batting: LHB Ricardo Romero
|
0-0: Ball 1-0: Foul Ball, location: 2F 1-1: DOUBLE (Line Drive, 5D) Bob Noble scores Andy Aiton scores
|
Pitching: RHP Ernesto Beltrán
|
|
Batting: LHB Greg Schultz
|
0-0: Ball 1-0: Ball 2-0: Called Strike 2-1: Swinging Strike 2-2: Strikes out swinging
|
Batting: LHB Ron Robinson
|
0-0: Ball 1-0: Called Strike 1-1: Foul Ball, location: 2F 1-2: Foul Ball, location: 2F 1-2: Ball 2-2: Ground out 4-3 (Groundball, 4)
|
Top of the 8th over - 4 run(s), 5 hit(s), 0 error(s), 1 left on base; Kalamazoo 11 - Seattle 4 |
BOTTOM OF THE 8TH |
Seattle Pikes batting - Pitching for Kalamazoo Royale with Cheese : RHP Frank Davis
|
Now at 1B: Matt Perkins
|
|
Now in LF: Jack Fountain
|
|
Pinch Hitting: RHB Murai Ishihara
|
0-0: Called Strike 0-1: Fly out, F5 (Line Drive, 5F)
|
Pinch Hitting: LHB John Nicholson
|
0-0: Fly out, F9 (Flyball, 9D)
|
Pinch Hitting: RHB Roberto Zamora
|
0-0: Ball 1-0: Called Strike 1-1: Foul Ball, location: 2F 1-2: Fly out, F9 (Flyball, 89S)
|
Bottom of the 8th over - 0 run(s), 0 hit(s), 0 error(s), 0 left on base; Kalamazoo 11 - Seattle 4 |
TOP OF THE 9TH |
Kalamazoo Royale with Cheese batting - Pitching for Seattle Pikes : RHP Ernesto Beltrán
|
Now at 1B: Murai Ishihara
|
|
Now at 2B: Roberto Zamora
|
|
Now at SS: Gary Kern
|
|
Batting: SHB Caden Keith
|
0-0: Foul Ball, location: 2F 0-1: Ball 1-1: Foul Ball, location: 2F 1-2: Foul Ball, location: 2F 1-2: Ball 2-2: Foul Ball, location: 2F 2-2: Ball 3-2: Ground out U3 (Groundball, 3)
|
Batting: SHB Jack Fountain
|
0-0: Called Strike 0-1: Ball 1-1: DOUBLE (Line Drive, 9LM)
|
Batting: RHB Matt Perkins
|
0-0: Ball 1-0: Ground out 6-3 (Groundball, 6)
|
Batting: RHB Miguel Encarnación
|
0-0: Ball 1-0: Called Strike 1-1: Called Strike 1-2: Fly out, F7 (Line Drive, 7S)
|
Top of the 9th over - 0 run(s), 1 hit(s), 0 error(s), 1 left on base; Kalamazoo 11 - Seattle 4 |
BOTTOM OF THE 9TH |
Seattle Pikes batting - Pitching for Kalamazoo Royale with Cheese : RHP Frank Davis
|
Pinch Hitting: RHB Robert Johnson
|
0-0: Foul Ball, location: 2F 0-1: SINGLE (Groundball, 56D)
|
Pinch Hitting: LHB Brandon Cummings
|
0-0: SINGLE (Line Drive, 34D) Robert Johnson to second
|
Pinch Hitting: RHB Hamilton Holbrook
|
0-0: Called Strike 0-1: Ball 1-1: DOUBLE (Line Drive, 7D) Robert Johnson scores Brandon Cummings to third
|
Batting: SHB George Adams
|
0-0: Ball 1-0: Ball 2-0: DOUBLE (Flyball, 8RD) Brandon Cummings scores Hamilton Holbrook scores
|
Pitching: LHP Jason Simpson
|
|
Pinch Hitting: RHB Dennis Stephenson
|
0-0: Called Strike 0-1: Foul Ball, location: 2F 0-2: Strikes out swinging
|
Batting: SHB António Hernández
|
0-0: Ball 1-0: Ball 2-0: Called Strike 2-1: Ball 3-1: Foul Ball, location: 2F 3-2: Ground out 5-3 (Groundball, 56)
|
Batting: RHB Murai Ishihara
|
0-0: Called Strike 0-1: Fly out, F3 (Line Drive, 34)
|
Bottom of the 9th over - 3 run(s), 4 hit(s), 0 error(s), 1 left on base; Kalamazoo 11 - Seattle 7 |
|